 Dungeon Crawl Stone Soup version 0.30.1-9-gdf580d7c3d (webtiles) character file.

Game seed: 12272073446229367929

53 Ivernyr the Shield-Bearer (level 4, 37/37 HPs)
             Began as a Formicid Fighter on Sept 30, 2023.
             Got out of the dungeon alive.
             The game lasted 00:03:14 (1946 turns).

Ivernyr the Shield-Bearer (Formicid Fighter)        Turns: 1946, Time: 00:03:15

Health: 37/37      AC:  7    Str: 22    XL:     4   Next: 11%
Magic:  4/4        EV:  9    Int:  8    God:
Gold:   95         SH:  5    Dex: 13    Spells: 3/3 levels left

rFire   . . .        a - +0 flail
rCold   . . .        c - +0 buckler
rNeg    . . .        b - +0 scale mail
rPois   .            (helmet unavailable)
rElec   .            (no cloak)
rCorr   .            (no gloves)
SInv    +            (no boots)
Will    .....        (no amulet) Stlth
                     (no ring)
HPRegen 0.26/turn    (no ring)
MPRegen 0.09/turn

%: no passive effects
@: no status effects
A: permanent stasis, dig shafts and tunnels, antennae 3, four strong arms
a: Dig, Shaft Self


You escaped.
You visited 1 branch of the dungeon, and saw 3 of its levels.

You collected 95 gold pieces.

Inventory:

Hand Weapons
 a - a +0 flail (weapon)
Missiles
 p - a throwing net
Armour
 b - a +0 scale mail (worn)
 c - a +0 buckler (worn)
Scrolls
 g - a scroll of fear {unknown}
 h - a scroll of vulnerability {unknown}
 i - 2 scrolls of identify {unknown}
 l - a scroll of blinking {unknown}
 n - a scroll of immolation {unknown}
 o - 3 scrolls of teleportation {unknown}
Potions
 d - a potion of might
 e - 4 potions of curing {unknown}
 f - a potion of heal wounds {unknown}
 j - a potion of magic {unknown}
 k - a potion of ambrosia {unknown}
 m - a potion of flight {unknown}


   Skills:
 + Level 4.0 Fighting
 + Level 2.8 Maces & Flails
 + Level 4.0 Armour
 - Level 4.0 Shields


You had 3 spell levels left.
You didn't know any spells.
Your spell library contained the following spells:

 Spells                   Type           Power      Damage    Failure   Level
 Manifold Assault         Tloc           0%         N/A       100%        4
 Dispersal                Tloc           0%         N/A       100%        6
 Disjunction              Tloc           0%         N/A       100%        8


Dungeon Overview and Level Annotations

Branches:
Dungeon (3/15)

Altars:


Innate Abilities, Weirdness & Mutations

You cannot be hasted, slowed, berserked, paralysed or teleported.
You can dig through walls and to a lower floor.
You have a pair of large antennae on your head. (SInv)
Your four strong arms can wield two-handed weapons with a shield.


Message History

The adder bites you but does no damage.
You closely miss the adder. The adder completely misses you.
You closely miss the adder.
The adder bites you but does no damage. x2
You closely miss the adder. The adder barely misses you. x2
You closely miss the adder.
The adder bites you but does no damage. x2
You hit the adder but do no damage. The adder barely misses you.
You hit the adder but do no damage. You block the adder's attack. x2
You barely miss the adder. The adder barely misses you. The adder misses you.
You barely miss the adder. The adder misses you.
You miss the adder. The adder bites you.
You are poisoned.
The adder poisons you! The adder barely misses you.
You sock the adder!
You kill the adder!
You feel sick.
Your Fighting skill increases to level 4!
Your Armour skill increases to level 4!
You have reached level 4!
You feel clever.
You feel sick.
You see here a hobgoblin corpse.
You feel sick.
You now have 95 gold pieces (gained 11).
You feel sick.
You are no longer poisoned.
o - 3 scrolls labelled KENNAM NARA (gained 1)
(D) Dungeon
Where to? (Enter - D:3, ? - help)
What level of the Dungeon? (default 1, ? - help)
There is a stone staircase leading up here.
You climb upwards.
There is a stone staircase leading down here.
There is an open door here.
There is a stone staircase leading up here.
You climb upwards.
HP restored.
There is a stone staircase leading down here.
You see here a +0 dagger.
There is a staircase leading out of the dungeon here.
Are you sure you want to leave the Dungeon?
This will make you lose the game!
You have escaped!

..##.....†###.......###......##
..#....###)............###....#
.##...#......#######......#...##
.#...#.....### ###.....#...##
.#...#....## ##....#.....
.#...#....## ##....#...##
.#...#.....### ###.....#...##
.##...#......#######......#...###
..#....###......@......###....# #
..##......###.......###......## #
...###.......#######.......### #
.#..######.............##### #
.........############### #
.#..###### # .#..##### ###
.#......## #.. .#.####..# #..


There were no monsters in sight!

Vanquished Creatures
  An adder (D:3)
  A worm (D:2)
  2 dart slugs (D:2)
  A bat (D:1)
  2 endoplasms (D:1)
  A giant cockroach (D:1)
  6 goblins (D:1)
  4 hobgoblins
  3 jackals (D:2)
  A kobold (D:1)
  A quokka (D:1)
  4 ball pythons
  3 frilled lizards
  3 rats
33 creatures vanquished.

Notes
Turn   | Place    | Note
-------+----------+-------------------------------------------
     0 | D:1      | Ivernyr the Formicid Fighter began the quest for the Orb.
     0 | D:1      | Reached XP level 1. HP: 18/18 MP: 1/1
   108 | D:1      | Reached XP level 2. HP: 22/24 MP: 2/2
   552 | D:1      | Reached XP level 3. HP: 29/30 MP: 3/3
  1831 | D:3      | Reached XP level 4. HP: 32/37 MP: 4/4
  1946 | D:$      | Got out of the dungeon alive.

Illustrated notes

Levels and vault maps discovered:
D:1:      dpeg_arrival_oval, layout_basic
D:2:      layout_loops_corners
D:3:      layout_basic, nicolae_qazlal_scattered_showers, st_stairs_2,
          minmay_misc_feat_enclosed, serial_park_tiny_pond

Skill      XL: |  1  2  3 |
---------------+----------+-----
Fighting       | 4 |  4.0
Armour         | 4 |  4.0
Maces & Flails | |  2.8
Shields        | |  4.0

Action                     |  1- 3 |  4- 6 || total
---------------------------+-------+-------++-------
  Melee: Flail             |   118 |       ||   118
 Armour: Scale mail        |    52 |       ||    52
  Dodge: Dodged            |    55 |       ||    55
  Block: Buckler           |    35 |       ||    35
